 Dungeon Crawl Stone Soup version 0.31-a0-152-g6aa68a64a1 (webtiles) character file.

Game seed: 2377422821102632623

21313 qw the Marksminotaur (level 12, -6/108 HPs)
             Began as a Minotaur Hunter on June 9, 2023.
             Was an Elder of Okawaru.
             Mangled by a yak (15 damage)
             ... on level 4 of the Lair of Beasts.
             The game lasted 00:03:57 (9215 turns).

qw the Marksminotaur (Minotaur Hunter)              Turns: 9215, Time: 00:03:58

Health: -6/108     AC:  5    Str: 17    XL:     12   Next: 53%
Magic:  18/18      EV: 23    Int:  6    God:    Okawaru [****..]
Gold:   648        SH:  0    Dex: 22    Spells: 11/11 levels left

rFire   . . .        Y - +4 hand crossbow (freeze)
rCold   . . .        (no shield)
rNeg    . . .        o - +2 robe of Nioduz {Dex+4}
rPois   .            (helmet restricted)
rElec   .            (no cloak)
rCorr   .            l - +0 pair of gloves
SInv    .            (no boots)
Will    .....        c - amulet of the acrobat
Stlth   ++++         (no ring)
HPRegen 1.18/turn    (no ring)
MPRegen 0.16/turn

%: acrobat
@: about to teleport, heroic
A: horns 2, retaliatory headbutt, regeneration 1
a: Renounce Religion, Heroism, Finesse


You were on level 4 of the Lair of Beasts.
You worshipped Okawaru.
Okawaru was greatly pleased with you.
You visited 3 branches of the dungeon, and saw 13 of its levels.

You collected 686 gold pieces.
You spent 38 gold pieces at shops.


Innate Abilities, Weirdness & Mutations

You have a pair of horns on your head.
You reflexively headbutt those who attack you in melee.
Your natural rate of healing is unusually fast.


   Skills:
 + Level 10.9(15.9) Fighting
 - Level 16.0(21.0) Ranged Weapons
 - Level 2.1(7.1) Armour
 - Level 9.0(14.0) Dodging
 - Level 0.7(5.7) Stealth
 - Level 10.0 Invocations


You had 11 spell levels left.
You didn't know any spells.
Your spell library was empty.

Inventory:

Hand Weapons
 Y - a +4 hand crossbow of freezing (weapon)
Armour
 l - a +0 pair of gloves (worn)
 o - the +2 robe of Nioduz (worn) {Dex+4}
   (You found it on level 4 of the Dungeon)

   Dex:       It affects your dexterity (+4).
Jewellery
 c - an amulet of the acrobat (around neck)
 d - a ring of ice
 k - a ring of positive energy
Scrolls
 a - 5 scrolls of identify
 m - a scroll of magic mapping {unknown}
Potions
 e - 4 potions of curing
 f - a potion of cancellation
 g - 4 potions of mutation
 h - 2 potions of haste
 i - 2 potions of heal wounds
 j - 4 potions of might

Dungeon Overview and Level Annotations

Branches:
Dungeon (8/15)             Temple (1/1) D:4            Lair (4/5) D:8
 Shoals (0/4) Lair:3       Spider (0/4) Lair:2        Slime (0/5) Lair:4

Altars:
Ashenzari
Dithmenos
Elyvilon
Fedhas
Gozag
Hepliaklqana
Makhleb
Nemelex Xobeh
Okawaru
Qazlal
Ru
Sif Muna
Trog
Uskayaw
Vehumet
Wu Jian
Xom
Yredelemnul
Zin
The Shining One

Shops:
D:2 **([

Annotations:
D:3 1 runed translucent door, qw's ghost, amateur MiHu
Lair:1 2 transporters, qw's ghost, journeyman GrHu


Message History

The death yak gores you! The yak completely misses you.
The death yak closely misses you. You furiously retaliate!
You headbutt the death yak. You shoot a bolt. The bolt hits the death yak!
The bolt freezes the death yak.
The death yak is almost dead.
The death yak closely misses you. The yak barely misses you.
You shoot a bolt. The bolt hits the death yak!!
The bolt freezes the death yak.
You kill the death yak!
Okawaru accepts your kill. The death yak barely misses you.
The yak completely misses you.
You shoot a bolt. The bolt hits the death yak!!
The bolt freezes the death yak!
The death yak is moderately wounded.
The death yak misses you. The yak completely misses you.
You shoot a bolt.
The bolt hits the death yak but does no damage.
The death yak is moderately wounded.
The death yak misses you. You furiously retaliate!
You headbutt the death yak! The death yak barely misses you.
The yak misses you. x2
You shoot a bolt. The bolt hits the death yak!
The bolt freezes the death yak.
The death yak is severely wounded.
The death yak closely misses you. The death yak gores you!
The yak gores you! x2
You shoot a bolt. The bolt barely misses the death yak.
The death yak barely misses you. The death yak gores you! The yak gores you!
The yak closely misses you. You furiously retaliate!
You headbutt the yak. You shoot a bolt. The bolt hits the death yak!
The bolt freezes the death yak!
The death yak is almost dead.
The death yak gores you! The death yak completely misses you.
The yak misses you. The yak barely misses you.
9214 ||| READING scroll of teleportation.
As you read the scroll of teleportation, it crumbles to dust.
You feel strangely unstable. The death yak gores you.
The death yak gores you but does no damage.
The yak gores you but does no damage. The yak gores you!
9215 ||| DRINKING 3 potions of heal wounds.
You feel much better. The death yak gores you!
The death yak gores you but does no damage.
The yak gores you! x2
You die...

#.. ##...P ##.
....## #.. ..... ##.
....## #P. #....#
##. .######....# #..
...%..YY...# #####.
#Y@...# ...###.#...
##Y..####..........
#...##.#..........
###................%
#...........######..
##..........# #.#.
#..........# ###.
##. #P.......... #.
.. ##.%........ #.


You could see 2 death yaks and 2 yaks.

Vanquished Creatures
  A hydra (Lair:3)
  7 death yaks
  2 skysharks
  Pikel (D:7)
  A black mamba (Lair:4)
  7 cane toads
  6 komodo dragons
  A rime drake (Lair:2)
  14 blink frogs
  A polar bear (Lair:2)
  2 trolls (D:7)
  A snapping turtle (Lair:3)
  19 yaks
  A wyvern (Lair:3)
  A steam dragon (D:8)
  10 water moccasins
  2 orc warriors
  2 black bears
  3 ice beasts (D:7)
  2 ogres
  11 wolves
  2 centaurs (D:5)
  A lemure (D:7)
  A kobold brigand (D:6)
  4 scorpions
  7 bullfrogs
  5 killer bees (D:8)
  2 howler monkeys
  A jelly (D:8)
  A hound (D:6)
  2 orc priests (D:8)
  4 sleepcaps
  4 iguanas
  8 orc wizards
  Robin (D:2)
  9 gnolls
  8 adders
  3 shadow imps
  2 white imps
  2 worms (D:3)
  7 dart slugs
  31 orcs
  5 endoplasms
  2 giant cockroaches
  13 goblins
  15 hobgoblins
  9 jackals
  12 kobolds
  2 quokkas
  15 ball pythons
  5 bats
  3 frilled lizards
  9 rats
290 creatures vanquished.

Notes
Turn   | Place    | Note
-------+----------+-------------------------------------------
     0 | D:1      | qw the Minotaur Hunter began the quest for the Orb.
     0 | D:1      | Reached XP level 1. HP: 18/18 MP: 0/0
     0 | D:1      | 0 ||| qw: Version: 0.2-a-122-gbc61b45
     0 | D:1      | 0 ||| qw: Game counter: 3263
     0 | D:1      | 0 ||| qw: Always use a shield: true
     0 | D:1      | 0 ||| qw: God list: Okawaru
     0 | D:1      | 0 ||| qw: Allow faded altars: false
     0 | D:1      | 0 ||| qw: Do Orc after D:15 true
     0 | D:1      | 0 ||| qw: Do second Lair branch before Depths: true
     0 | D:1      | 0 ||| qw: Lair rune preference: random
     0 | D:1      | 0 ||| qw: Plans: Normal
     0 | D:1      | 0 ||| PLANNING D:1-11
   249 | D:1      | Reached XP level 2. HP: 25/25 MP: 1/1
   268 | D:1      | Reached skill level 5 in Ranged Weapons
   605 | D:1      | Reached skill level 3 in Fighting
   818 | D:1      | 818 ||| READING scroll labelled URGHIKO KIUCAI.
   821 | D:1      | 821 ||| DRINKING 3 inky potions.
   822 | D:1      | 822 ||| DROPPING scroll of butterflies.
   838 | D:2      | Found Qoap's Assorted Antiques.
   846 | D:2      | 846 ||| BUYING bubbling amethyst potion (22 gold).
   846 | D:2      | Bought a bubbling amethyst potion for 22 gold pieces
   846 | D:2      | 846 ||| SHOPLISTING diamond ring (125 gold, have 12).
   846 | D:2      | 846 ||| SHOPLISTING potion of curing (75 gold, have 12).
   846 | D:2      | 846 ||| SHOPLISTING purple potion (22 gold, have 12).
   846 | D:2      | 846 ||| SHOPLISTING scroll labelled JANUIB PIOCA (25 gold,
                  | have 12).
   846 | D:2      | 846 ||| SHOPLISTING scroll labelled NAM APHIBUFRA (25 gold,
                  | have 12).
   846 | D:2      | 846 ||| SHOPLISTING scroll of teleportation (75 gold, have
                  | 12).
   875 | D:2      | Found a white marble altar of Elyvilon.
   886 | D:2      | Reached XP level 3. HP: 19/31 MP: 2/2
  1000 | D:2      | Found Ejyalu's Assorted Antiques.
  1004 | D:2      | Reached skill level 6 in Ranged Weapons
  1004 | D:2      | Reached XP level 4. HP: 36/38 MP: 3/3
  1017 | D:2      | 1017 ||| SHOPLISTING blackened diamond ring (90 gold, have
                  | 26).
  1017 | D:2      | 1017 ||| BUYING bubbling amethyst potion (16 gold).
  1017 | D:2      | Bought a bubbling amethyst potion for 16 gold pieces
  1017 | D:2      | 1017 ||| SHOPLISTING scroll labelled LIAGHIO TYUSYOTT (18
                  | gold, have 10).
  1017 | D:2      | 1017 ||| SHOPLISTING scroll labelled VEMIOT UFEIPN (18
                  | gold, have 10).
  1027 | D:2      | Noticed Robin
  1044 | D:2      | Killed Robin
  1047 | D:2      | 1047 ||| FLEEEEING.
  1048 | D:2      | 1048 ||| FLEEEEING.
  1049 | D:2      | 1049 ||| FLEEEEING.
  1050 | D:2      | 1050 ||| FLEEEEING.
  1051 | D:2      | 1051 ||| FLEEEEING.
  1052 | D:2      | 1052 ||| FLEEEEING.
  1053 | D:2      | 1053 ||| FLEEEEING.
  1054 | D:2      | 1054 ||| FLEEEEING.
  1055 | D:2      | 1055 ||| FLEEEEING.
  1056 | D:2      | 1056 ||| FLEEEEING.
  1057 | D:2      | 1057 ||| FLEEEEING.
  1058 | D:2      | 1058 ||| FLEEEEING.
  1059 | D:2      | 1059 ||| FLEEEEING.
  1060 | D:2      | 1060 ||| FLEEEEING.
  1061 | D:2      | 1061 ||| FLEEEEING.
  1062 | D:2      | 1062 ||| FLEEEEING.
  1063 | D:2      | 1063 ||| FLEEEEING.
  1064 | D:2      | 1064 ||| FLEEEEING.
  1065 | D:2      | 1065 ||| FLEEEEING.
  1066 | D:2      | 1066 ||| FLEEEEING.
  1067 | D:2      | 1067 ||| FLEEEEING.
  1068 | D:2      | 1068 ||| FLEEEEING.
  1069 | D:2      | 1069 ||| FLEEEEING.
  1070 | D:2      | 1070 ||| FLEEEEING.
  1071 | D:2      | 1071 ||| FLEEEEING.
  1072 | D:2      | 1072 ||| FLEEEEING.
  1073 | D:2      | 1073 ||| FLEEEEING.
  1074 | D:2      | 1074 ||| FLEEEEING.
  1075 | D:2      | 1075 ||| FLEEEEING.
  1076 | D:2      | 1076 ||| FLEEEEING.
  1077 | D:2      | 1077 ||| FLEEEEING.
  1078 | D:2      | 1078 ||| FLEEEEING.
  1079 | D:2      | 1079 ||| FLEEEEING.
  1080 | D:2      | 1080 ||| FLEEEEING.
  1081 | D:2      | 1081 ||| FLEEEEING.
  1082 | D:2      | 1082 ||| FLEEEEING.
  1083 | D:2      | 1083 ||| FLEEEEING.
  1084 | D:2      | 1084 ||| FLEEEEING.
  1085 | D:2      | 1085 ||| FLEEEEING.
  1086 | D:2      | 1086 ||| FLEEEEING.
  1087 | D:2      | 1087 ||| FLEEEEING.
  1088 | D:2      | 1088 ||| STAIRDANCE
  1117 | D:1      | 1117 ||| DRINKING 3 bubbling amethyst potions.
  1148 | D:2      | Found Xedeew's Antique Weapon Shoppe.
  1157 | D:2      | Found Wyreovog's Antique Weapon Shoppe.
  1195 | D:2      | Found Xomiudd's Armour Shoppe.
  1200 | D:2      | 1200 ||| SHOPLISTING +0 cloak (45 gold, have 24).
  1200 | D:2      | 1200 ||| SHOPLISTING +0 ring mail (40 gold, have 24).
  1200 | D:2      | 1200 ||| SHOPLISTING +1 cloak of poison resistance (135
                  | gold, have 24).
  1307 | D:2      | Found a faded altar of an unknown god.
  1611 | D:2      | 1611 ||| READING scroll labelled BOGRYM MILUC.
  1611 | D:2      | Identified a scroll of acquirement
  1611 | D:2      | 1611 ||| ACQUIRING +1 hand crossbow of freezing
  1611 | D:2      | Acquired a +1 hand crossbow of freezing
  1613 | D:2      | 1613 ||| SWAPPING to +1 hand crossbow of freezing.
  1614 | D:2      | 1614 ||| DROPPING +0 shortbow.
  1615 | D:2      | 1615 ||| DRINKING 2 purple potions.
  1615 | D:2      | Gained mutation: Your natural rate of healing is unusually
                  | fast. [potion of mutation]
  1616 | D:2      | 1616 ||| DRINKING 2 metallic pink potions.
  1663 | D:3      | Reached XP level 5. HP: 46/46 MP: 4/4
  1687 | D:3      | Noticed an ogre
  1690 | D:3      | Killed an ogre
  1691 | D:3      | Reached skill level 7 in Ranged Weapons
  1753 | D:3      | Noticed a water moccasin
  1757 | D:3      | Killed a water moccasin
  1758 | D:3      | Reached XP level 6. HP: 46/52 MP: 5/5
  1874 | D:3      | Found a radiant altar of Vehumet.
  1878 | D:3      | Reached skill level 8 in Ranged Weapons
  1880 | D:3      | Found a glowing golden altar of the Shining One.
  1964 | D:3      | Found a runed translucent door.
  1968 | D:3      | Noticed qw's ghost (amateur MiHu)
  2109 | D:3      | Found a sparkling altar of Nemelex Xobeh.
  2109 | D:3      | Found a white marble altar of Elyvilon.
  2109 | D:3      | Found a shadowy altar of Dithmenos.
  2247 | D:3      | Identified the +8 mace of Bespelled Judgement {freeze,
                  | Fragile rC+ Dex+3 SInv}
  2410 | D:3      | Found a burning altar of Makhleb.
  2529 | D:3      | Reached skill level 3 in Dodging
  2669 | D:3      | 2669 ||| READING 2 scrolls labelled NAM APHIBUFRA.
  2670 | D:3      | 2670 ||| DRINKING 2 smoky inky potions.
  2671 | D:3      | 2671 ||| DROPPING potion of degeneration.
  2746 | D:4      | Found a staircase to the Ecumenical Temple.
  2748 | D:4      | 2748 ||| PLANNING TEMPLE
  2748 | D:4      | 2748 ||| UPGRADING to +0 pair of gloves.
  2762 | Temple   | Entered the Ecumenical Temple
  2773 | Temple   | 2773 ||| PLANNING OKAWARU WORSHIP
  2959 | Temple   | Became a worshipper of Warmaster Okawaru
  2959 | Temple   | 2959 ||| PLANNING D:1-11
  3015 | D:4      | Reached skill level 1 in Armour
  3052 | D:4      | Identified the +2 robe of Nioduz {Dex+4}
  3058 | D:4      | Reached XP level 7. HP: 60/60 MP: 6/6
  3438 | D:4      | 3438 ||| UPGRADING to +2 robe of Nioduz {Dex+4}.
  3448 | D:4      | 3448 ||| DROPPING +0 leather armour.
  3449 | D:4      | 3449 ||| READING scroll labelled LOIPTO UNOUSTROFIL.
  3450 | D:4      | 3450 ||| READING scroll labelled HEMANA RUGOFE.
  3476 | D:4      | 3476 ||| READING scroll labelled SUPPUN QICI.
  3477 | D:4      | 3477 ||| DRINKING 2 red potions.
  3478 | D:4      | 3478 ||| READING 2 scrolls of identify.
  3478 | D:4      | 3478 ||| IDENTIFYING fizzy emerald potion
  3479 | D:4      | 3479 ||| DROPPING potion of berserk rage.
  3480 | D:4      | 3480 ||| DROPPING potion of brilliance.
  3491 | D:5      | Entered Level 5 of the Dungeon
  3552 | D:5      | Reached * piety under Okawaru
  3565 | D:5      | 3565 ||| INVOKING Heroism.
  3567 | D:5      | Reached skill level 9 in Ranged Weapons
  3641 | D:5      | 3641 ||| Stepping ~*~*~tactically~*~*~ (outnumbered).
  3644 | D:5      | 3644 ||| DRINKING 7 potions of curing.
  3644 | D:5      | 3644 ||| (to cure confusion)
  3649 | D:5      | Reached skill level 1 in Invocations
  3829 | D:5      | 3829 ||| INVOKING Heroism.
  3831 | D:5      | Reached XP level 8. HP: 37/70 MP: 4/8
  4054 | D:5      | 4054 ||| READING 2 scrolls labelled YVESITAONI.
  4055 | D:5      | 4055 ||| READING scroll labelled OLUTIC WEYMESS.
  4056 | D:5      | 4056 ||| DRINKING 3 black potions.
  4057 | D:5      | 4057 ||| DRINKING 6 potions of curing.
  4057 | D:5      | 4057 ||| (to cure confusion)
  4058 | D:5      | 4058 ||| READING 5 scrolls of identify.
  4058 | D:5      | 4058 ||| IDENTIFYING bubbling sapphire potion
  4059 | D:5      | 4059 ||| READING 4 scrolls of identify.
  4059 | D:5      | 4059 ||| IDENTIFYING golden potion
  4060 | D:5      | 4060 ||| READING 3 scrolls of identify.
  4060 | D:5      | 4060 ||| IDENTIFYING sedimented dark potion
  4061 | D:5      | 4061 ||| READING 2 scrolls of identify.
  4061 | D:5      | 4061 ||| IDENTIFYING yellow potion
  4062 | D:5      | 4062 ||| DROPPING scroll of fear.
  4063 | D:5      | 4063 ||| DROPPING 2 potions of ambrosia.
  4064 | D:5      | 4064 ||| DROPPING potion of enlightenment.
  4065 | D:5      | 4065 ||| DROPPING potion of lignification.
  4066 | D:5      | 4066 ||| DROPPING potion of attraction.
  4083 | D:6      | 4083 ||| INVOKING Heroism.
  4087 | D:6      | Reached skill level 6 in Fighting
  4090 | D:6      | Reached skill level 3 in Invocations
  4097 | D:6      | 4097 ||| STAIRDANCE
  4150 | D:6      | Found a stormy altar of Qazlal.
  4158 | D:6      | Found a blossoming altar of Fedhas.
  4223 | D:6      | 4223 ||| FLEEEEING.
  4224 | D:6      | 4224 ||| FLEEEEING.
  4225 | D:6      | 4225 ||| FLEEEEING.
  4226 | D:6      | 4226 ||| FLEEEEING.
  4229 | D:6      | 4229 ||| STAIRDANCE
  4251 | D:5      | 4251 ||| READING scroll labelled HIALLA SUEXTOSAPN.
  4252 | D:5      | 4252 ||| READING scroll labelled DUSTRU GA XEQOGH.
  4314 | D:6      | 4314 ||| INVOKING Heroism.
  4316 | D:6      | Reached skill level 10 in Ranged Weapons
  4396 | D:6      | Reached ** piety under Okawaru
  4714 | D:6      | Reached XP level 9. HP: 78/78 MP: 11/11
  4715 | D:6      | 4715 ||| STAIRDANCE
  4849 | D:7      | Noticed Pikel
  4850 | D:7      | 4850 ||| INVOKING Heroism.
  4855 | D:7      | Killed Pikel
  4856 | D:7      | Reached skill level 11 in Ranged Weapons
  4917 | D:7      | 4917 ||| READING scroll of enchant weapon.
  4917 | D:7      | 4917 ||| ENCHANTING +2 hand crossbow of freezing.
  5220 | D:7      | Reached skill level 6 in Dodging
  5368 | D:7      | Reached *** piety under Okawaru
  5424 | D:7      | Noticed a troll
  5425 | D:7      | 5425 ||| INVOKING Heroism.
  5426 | D:7      | Killed a troll
  5427 | D:7      | Reached skill level 12 in Ranged Weapons
  5428 | D:7      | Noticed a troll
  5430 | D:7      | Killed a troll
  5603 | D:7      | 5603 ||| READING scroll labelled RAPTAS GIOSURPH.
  5605 | D:7      | 5605 ||| Stepping ~*~*~tactically~*~*~ (cloud).
  5620 | D:7      | 5620 ||| Stepping ~*~*~tactically~*~*~ (cloud).
  5699 | D:8      | 5699 ||| INVOKING Heroism.
  5811 | D:8      | 5811 ||| INVOKING Heroism.
  5813 | D:8      | 5813 ||| Stepping ~*~*~tactically~*~*~ (cloud).
  5816 | D:8      | 5816 ||| Stepping ~*~*~tactically~*~*~ (cloud).
  5854 | D:8      | Found a staircase to the Lair.
  5854 | D:8      | Noticed a death yak
  5855 | D:8      | 5855 ||| INVOKING Heroism.
  5857 | D:8      | Noticed a death yak
  5857 | D:8      | Noticed a death yak
  5860 | D:8      | Killed a death yak
  5861 | D:8      | Reached XP level 10. HP: 81/88 MP: 9/12
  5870 | D:8      | Killed a death yak
  5870 | D:8      | Reached **** piety under Okawaru
  5872 | D:8      | HP: 11/88 [yak (13)]
  5873 | D:8      | 5873 ||| READING 2 scrolls of teleportation.
  5874 | D:8      | 5874 ||| DRINKING 2 potions of heal wounds.
  5875 | D:8      | Killed a death yak
  5876 | D:8      | Reached skill level 13 in Ranged Weapons
  5881 | D:8      | 5881 ||| INVOKING Heroism.
  6025 | D:8      | 6025 ||| DRINKING 5 potions of curing.
  6025 | D:8      | 6025 ||| (to cure confusion)
  6218 | D:8      | 6218 ||| INVOKING Heroism.
  6554 | D:8      | 6554 ||| PLANNING LAIR
  6554 | D:8      | 6554 ||| UPGRADING to amulet of the acrobat.
  6597 | Lair:1   | Entered Level 1 of the Lair of Beasts
  6598 | Lair:1   | 6598 ||| INVOKING Heroism.
  6601 | Lair:1   | Reached skill level 9 in Fighting
  6601 | Lair:1   | Reached skill level 6 in Invocations
  6611 | Lair:1   | 6611 ||| STAIRDANCE
  6613 | D:8      | 6613 ||| INVOKING Heroism.
  6689 | Lair:1   | 6689 ||| INVOKING Heroism.
  6691 | Lair:1   | Reached XP level 11. HP: 97/97 MP: 11/15
  6704 | Lair:1   | 6704 ||| INVOKING Heroism.
  6725 | Lair:1   | 6725 ||| INVOKING Heroism.
  6749 | Lair:1   | Found a transporter.
  6757 | Lair:1   | 6757 ||| INVOKING Heroism.
  6772 | Lair:1   | Found a transporter.
  6772 | Lair:1   | Noticed a spriggan rider
  6777 | Lair:1   | Found a bloodstained altar of Trog.
  6777 | Lair:1   | Noticed qw's ghost (journeyman GrHu)
  6777 | Lair:1   | Noticed a spriggan rider
  6988 | Lair:1   | Identified the staff of earth "Xuox" {MP+9 Str+2}
  7094 | Lair:1   | 7094 ||| INVOKING Heroism.
  7331 | Lair:2   | 7331 ||| INVOKING Heroism.
  7334 | Lair:2   | Reached skill level 14 in Ranged Weapons
  7455 | Lair:2   | 7455 ||| READING scroll of enchant weapon.
  7455 | Lair:2   | 7455 ||| ENCHANTING +3 hand crossbow of freezing.
  7466 | Lair:2   | 7466 ||| INVOKING Heroism.
  7504 | Lair:2   | 7504 ||| INVOKING Heroism.
  7509 | Lair:2   | Received a gift from Okawaru
  7635 | Lair:2   | 7635 ||| INVOKING Heroism.
  7934 | Lair:2   | Found a hole to the Spider Nest.
  7962 | Lair:2   | 7962 ||| READING 6 scrolls of identify.
  7962 | Lair:2   | 7962 ||| IDENTIFYING grey potion
  7993 | Lair:3   | 7993 ||| INVOKING Heroism.
  8007 | Lair:3   | Received a gift from Okawaru
  8047 | Lair:3   | Received a gift from Okawaru
  8075 | Lair:3   | Noticed a seven-headed hydra
  8076 | Lair:3   | 8076 ||| INVOKING Heroism.
  8080 | Lair:3   | Killed a seven-headed hydra
  8146 | Lair:3   | 8146 ||| INVOKING Heroism.
  8187 | Lair:3   | Noticed a skyshark
  8193 | Lair:3   | Killed a skyshark
  8194 | Lair:3   | Reached skill level 15 in Ranged Weapons
  8211 | Lair:3   | 8211 ||| INVOKING Heroism.
  8329 | Lair:3   | 8329 ||| INVOKING Heroism.
  8343 | Lair:3   | Reached skill level 9 in Invocations
  8449 | Lair:3   | Reached XP level 12. HP: 106/106 MP: 17/17
  8615 | Lair:3   | Reached skill level 9 in Dodging
  8715 | Lair:3   | Found a staircase to the Shoals.
  8855 | Lair:3   | 8855 ||| READING scroll labelled JANUIB PIOCA.
  8871 | Lair:4   | 8871 ||| INVOKING Heroism.
  8874 | Lair:4   | Received a gift from Okawaru
  9082 | Lair:4   | Received a gift from Okawaru
  9133 | Lair:4   | 9133 ||| INVOKING Heroism.
  9158 | Lair:4   | Found a staircase to the Slime Pits.
  9186 | Lair:4   | Noticed a death yak
  9187 | Lair:4   | Noticed a death yak
  9190 | Lair:4   | Killed a death yak
  9191 | Lair:4   | Noticed a death yak
  9192 | Lair:4   | Noticed a death yak
  9193 | Lair:4   | Killed a death yak
  9194 | Lair:4   | Reached skill level 16 in Ranged Weapons
  9195 | Lair:4   | 9195 ||| INVOKING Heroism.
  9199 | Lair:4   | Noticed a death yak
  9201 | Lair:4   | Killed a death yak
  9201 | Lair:4   | Noticed a death yak
  9208 | Lair:4   | Killed a death yak
  9213 | Lair:4   | HP: 19/108 [death yak (17)]
  9214 | Lair:4   | 9214 ||| READING scroll of teleportation.
  9214 | Lair:4   | HP: 8/108 [yak (8)]
  9215 | Lair:4   | 9215 ||| DRINKING 3 potions of heal wounds.
  9215 | Lair:4   | Mangled by a yak

Levels and vault maps discovered:
D:1:      dpeg_arrival_court, layout_basic
D:2:      layout_loops_ring, serial_shops, shop, nicolae_shop_stone,
          nicolae_shop_crystal, shop, nicolae_shop_crystal,
          shapermc_ecumenical_altar_notcrosses, basic_altar, uniq_robin
D:3:      minmay_thinvault, layout_loops_ring,
          gammafunk_temple_overflow_forgotten, lightli_temple_of_fire,
          nicolae_overflow_squiral, hellmonk_ghost_happy_afterlife
D:4:      layout_rooms, minmay_temple_entry_glass, kennysheep_pointless_box
D:5:      layout_basic, minivault_24
D:6:      minmay_skewed_foursquare, layout_cave_pools,
          grunt_temple_overflow_forces_of_nature
D:7:      layout_basic, minmay_small_thing, uniq_pikel
D:8:      layout_cave_pods, dpeg_lair_monsters
Temple:   nicolae_temple_bog_church
Lair:1:   layout_long_grid, gammafunk_ghost_wrathful_warriors,
          chequers_serial_rivers_micro_c
Lair:2:   layout_loops_ring, spider_nest_entry_a
Lair:3:   layout_small_grid, minmay_shoals_entry_hut
Lair:4:   layout_long_grid, slime_entry_1

Skill      XL: |  1  2  3  4  5  6  7  8  9 10 11 12 |
---------------+-------------------------------------+-----
Ranged Weapons | 5 6 7 8 9 10 12 13 15 16 | 16.0
Fighting       | 3 4 5 6 8 9 10 | 10.9
Dodging        | 3 4 5 8 9 |  9.0
Armour         | 1 2 |  2.1
Invocations    | 1 4 6 9 10 | 10.0
Stealth        | |  0.7

Action                     |  1- 3 |  4- 6 |  7- 9 | 10-12 || total
---------------------------+-------+-------+-------+-------++-------
   Fire: Shortbow          |    68 |    75 |       |       ||   143
         Hand crossbow     |       |   102 |   191 |   277 ||   570
 Invoke: Heroism           |       |       |     9 |    21 ||    30
    Use: Potion            |     1 |     4 |     4 |     3 ||    12
         Scroll            |     1 |     2 |    14 |     5 ||    22
 Armour: Leather armour    |     3 |    26 |     3 |       ||    32
         Robe              |       |       |    15 |     7 ||    22
  Dodge: Dodged            |    12 |    49 |    63 |   118 ||   242

Table legend:
 A = Non-vault XP
 B = Vault XP
 C = Vault XP percentage of total XP
 D = Non-vault monster count
 E = Vault monster count
 F = Vault count percentage of total count
                 A         B        C        D         E       F
            +---------+---------+-------+---------+---------+-------
      Total |   24975 |    5473 |  18.0 |     241 |      48 |  16.6
            +---------+---------+-------+---------+---------+-------
        D:1 |      32 |       0 |   0.0 |      18 |       0 |   0.0
        D:2 |     116 |      38 |  24.7 |      22 |      12 |  35.3
        D:3 |     175 |     236 |  57.4 |      24 |      18 |  42.9
        D:4 |     414 |       0 |   0.0 |      30 |       0 |   0.0
        D:5 |     560 |       0 |   0.0 |      13 |       0 |   0.0
        D:6 |    1000 |     347 |  25.8 |      22 |       6 |  21.4
        D:7 |     787 |    1165 |  59.7 |      17 |       3 |  15.0
        D:8 |    1671 |    3443 |  67.3 |      27 |       8 |  22.9
     Lair:1 |    3229 |       0 |   0.0 |      13 |       0 |   0.0
     Lair:2 |    3314 |       0 |   0.0 |      12 |       0 |   0.0
     Lair:3 |    7198 |     244 |   3.3 |      25 |       1 |   3.8
     Lair:4 |    6479 |       0 |   0.0 |      18 |       0 |   0.0
            +---------+---------+-------+---------+---------+-------
